 Dungeon Crawl Stone Soup version 0.29.1-2-gbd0b4ee654 (webtiles) character file.

Game seed: 9486883288095935388

57 croobank the Caller (level 3, -3/15 HPs)
             Began as a Felid Summoner on Oct 31, 2022.
             Succumbed to a water moccasin's poison
             ... on level 3 of the Dungeon.
             The game lasted 00:08:57 (2443 turns).

croobank the Caller (Felid Summoner)                Turns: 2443, Time: 00:08:58

Health: -3/15      AC:  1    Str:  2 (4)  XL:     3   Next: 73%
Magic:  1/7        EV: 17    Int: 15 (18) God:
Gold:   138        SH:  0    Dex: 13 (16) Spells: 1/7 levels left
                                        Lives:  0   Deaths: 0

rFire   . . .      SeeInvis +   (weapon unavailable)
rCold   . . .      Faith    .   (shield unavailable)
rNeg    . . .      Spirit   .   (body armour unavailable)
rPois   .          Reflect  .   (helmet unavailable)
rElec   .          Harm     .   (cloak unavailable)
rCorr   .          Rampage  .   (gloves unavailable)
Will    .....                   (boots unavailable)
Stlth   ++........              (no amulet)
HPRegen 0.05/turn               (no ring)
MPRegen 0.10/turn               (no ring)

@: mighty, lethally poisoned (-3 -> -18), flying, quick
A: very small, claws 1, fangs 3, see invisible, speed 1, shaggy fur 1, stealthy
paws, no weapons or thrown items, no armour, multi-lived
a: no special abilities


You were on level 3 of the Dungeon.
You visited 1 branch of the dungeon, and saw 3 of its levels.

You collected 138 gold pieces.

Inventory:

Scrolls
 e - a scroll of immolation {unknown}
 h - a scroll of identify {unknown}
 l - a scroll of teleportation {unknown}
Potions
 d - 2 potions of flight
 g - a potion of resistance {unknown}
 i - a potion of might
 j - a potion of ambrosia {unknown}
 k - a potion of heal wounds {unknown}


   Skills:
 + Level 1.3 Fighting
 + Level 3.5 Dodging
 - Level 2.8 Stealth
 + Level 2.5 Spellcasting
 + Level 4.4 Summonings


You had one spell level left.
You knew the following spells:

 Your Spells              Type           Power      Damage    Failure   Level
a - Summon Small Mammal   Summ           60%        N/A       3%          1
b - Call Imp              Summ           15%        N/A       5%          2
c - Call Canine Familiar  Summ           15%        N/A       11%         3

Your spell library contained the following spells:

 Spells                   Type           Power      Damage    Failure   Level
 Freeze                   Ice            4%         1d3       22%         1
 Summon Guardian Golem    Hex/Summ       8%         N/A       26%         3
 Static Discharge         Conj/Air       1%         3-4/arc   32%         2
 Frozen Ramparts          Ice            2%         1d1       54%         3
 Summon Lightning Spire   Summ/Air       8%         N/A       63%         4
 Dispel Undead            Necr           1%         3d6       91%         4
 Hailstorm                Conj/Ice       1%         3d3       91%         4
 Sticky Flame             Conj/Fire      1%         2d3       91%         4


Dungeon Overview and Level Annotations

Branches:
Dungeon (3/15)

Altars:


Innate Abilities, Weirdness & Mutations

You have sharp claws.
You have razor-sharp teeth.
You have supernaturally acute eyesight. (SInv)
You cover ground quickly. (Speed+)
You are covered in fur. (AC +1)
Your paws help you pounce on unaware monsters.
You are incapable of wielding weapons or throwing items.
You cannot wear armour.
You gain extra lives every three experience levels.


Message History

The water moccasin misses you.
You swap places.
Your hound bites the water moccasin.
An adder comes into view.
The water moccasin closely misses you.
Your hound completely misses the water moccasin.
The kobold shouts!
The water moccasin bites your hound.
Your hound closely misses the water moccasin.
Your hound closely misses the water moccasin.
The water moccasin closely misses your hound.
Your hound closely misses the water moccasin.
The water moccasin bites your hound!
Your hound bites the water moccasin.
The water moccasin barely misses your hound.
Your hound bites the water moccasin.
The water moccasin misses your hound.
Your hound bites the water moccasin but does no damage.
You barely miss the kobold. The water moccasin bites your hound.
Your hound misses the water moccasin. The kobold hits you with a +0 dagger.
The water moccasin closely misses your hound.
You barely miss the kobold. You bite the kobold.
You kill the kobold!
Your hound bites the water moccasin.
The water moccasin barely misses your hound.
Your hound completely misses the water moccasin.
As you read the scroll labelled JOUSSOL MOYMU, it crumbles to dust.
Your body is wracked with pain!
The water moccasin convulses!
It was a scroll of torment.
The water moccasin barely misses your hound.
Your hound closely misses the water moccasin.
The water moccasin bites your hound.
Your hound dies!
Your hound's corpse disappears in a puff of smoke!
The water moccasin bites you.
* * * LOW HITPOINT WARNING * * *
You are lethally poisoned!
The water moccasin poisons you!
It was a potion of degeneration.
There was something very wrong with that liquid.
You feel weakened.
You feel dopey.
You feel clumsy.
You die...

.$.........#.....†.....
....)...####.#######.....
.....................'..>..
.##.#..#..#########.##.....
#.......# #.##..... # #..
..# #.##..... ####.###.#
### #.##.)...
........S###.#####......##
.#.....)S@...........##.#
#.#.#.#.###.##########.# #
#.### ### #####.# ~⌠
#.....# ~.# ###.....# .#~
........# S... ........#
..~## ........# ........##


You could see a water moccasin and an adder.

Vanquished Creatures
  2 kobolds
2 creatures vanquished.

Vanquished Creatures (collateral kills)
  An adder (D:2)
  A dart slug (D:3)
  5 ball pythons
  2 endoplasms
  3 goblins
  7 hobgoblins
  4 jackals (D:2)
  A kobold (D:3)
  4 quokkas (D:2)
  5 bats
  A frilled lizard (D:1)
  5 rats
39 creatures vanquished.

Grand Total: 41 creatures vanquished

Notes
Turn   | Place    | Note
-------+----------+-------------------------------------------
     0 | D:1      | croobank the Felid Summoner began the quest for the Orb.
     0 | D:1      | Reached XP level 1. HP: 7/7 MP: 4/4
   613 | D:1      | Reached XP level 2. HP: 12/12 MP: 1/6
   616 | D:1      | Learned a level 2 spell: Call Imp
  1044 | D:2      | Found a faded altar of an unknown god.
  1300 | D:2      | Reached skill level 1 in Fighting
  1300 | D:2      | Reached XP level 3. HP: 15/15 MP: 0/7
  1365 | D:2      | Learned a level 3 spell: Call Canine Familiar
  2381 | D:3      | Noticed a water moccasin
  2443 | D:3      | Succumbed to a water moccasin's poison

Illustrated notes

Levels and vault maps discovered:
D:1:      wander_arrival_estate, layout_loops_ring
D:2:      layout_basic, dreamdust_ecumenical_altar_angels_and_demons
D:3:      layout_basic, pdpol_wu_jian_five_deadly_venoms, tgw_xom,
          serial_bayou_crossing

Skill      XL: |  1  2 |
---------------+-------+-----
Dodging        | 3 |  3.5
Fighting       | 1 |  1.3
Stealth        | |  2.8
Spellcasting   | |  2.5
Summonings     | |  4.4

Action                   || total
-------------------------++-------
Melee: Unarmed           ||     6
       Bite              ||     1
 Cast: Summon Small Mamm ||    42
       Call Imp          ||     9
       Call Canine Famil ||    12
  Use: Potion            ||     5
       Scroll            ||     1
 Stab: Sleeping          ||     2
Dodge: Dodged            ||    20
